 Dungeon Crawl Stone Soup version 0.24-a0-769-g368c1644f8 (webtiles) character file.

Game seed: 6312493047889531105, levelgen mode: deterministic

117 MalarOregon the Conjurer (level 4, -10/37 HPs)
             Began as a Draconian Conjurer on Oct 5, 2019.
             Mangled by a gnoll
             ... wielding a +0 halberd
              (12 damage)
             ... on level 2 of the Dungeon.
             The game lasted 00:02:56 (1880 turns).

MalarOregon the Conjurer (Draconian Conjurer)       Turns: 1880, Time: 00:02:57

Health: -10/37     AC:  5    Str: 10    XL:     4   Next: 71%
Magic:  8/8        EV: 12    Int: 16    God:
Gold:   102        SH:  0    Dex: 12    Spells: 8/9 levels left

rFire    . . .     SeeInvis .   f - +2 dagger (venom)
rCold    . . .     Gourm    .   (no shield)
rNeg     . . .     Faith    .   (armour unavailable)
rPois    .         Spirit   .   (helmet restricted)
rElec    .         Reflect  .   (no cloak)
rCorr    .         Harm     .   (no gloves)
MR       .....                  (no boots)
Stlth    ++........             (no amulet)
HPRegen  0.12/turn              (no ring)
MPRegen  0.11/turn              (no ring)

@: no status effects
A: unfitting armour, cold-blooded, AC +5
a: no special abilities


You were on level 2 of the Dungeon.
You were not hungry.

You visited 1 branch of the dungeon, and saw 2 of its levels.

You collected 102 gold pieces.

Inventory:

Hand Weapons
 c - a +0 falchion
   (You found it on level 1 of the Dungeon)
 f - a +2 dagger of venom (weapon)
   (You took it off a goblin on level 2 of the Dungeon)
Jewellery
 h - a +3 ring of protection {unknown}
   (You found it on level 1 of the Dungeon)
Scrolls
 a - 2 scrolls of amnesia {unknown}
 b - a scroll of random uselessness {unknown}
 g - a scroll of teleportation {unknown}
 i - 2 scrolls of identify {unknown}
 l - a scroll of enchant armour {unknown}
Potions
 d - a potion of cancellation {unknown}
 j - a potion of curing {unknown}
 m - a potion of magic {unknown}
Comestibles
 e - a ration {!d}
 k - 8 chunks of flesh


   Skills:
 + Level 2.7 Fighting
 - Level 1.7 Dodging
 - Level 1.7 Stealth
 + Level 3.0 Spellcasting
 + Level 4.8 Conjurations


You had 8 spell levels left.
You knew the following spells:

 Your Spells              Type           Power        Failure   Level  Hunger
a - Magic Dart            Conj           ###.         2%          1    #......

Your spell library contained the following spells:

 Spells                   Type           Power        Failure   Level  Hunger
 Searing Ray              Conj           ###...       4%          2    ##.....
 Dazzling Spray           Conj/Hex       ##....       21%         3    ###....
 Iskenderun's Mystic Bla  Conj           ###.....     26%         4    #####..
 Force Lance              Conj/Tloc      ##......     56%         4    #####..
 Fulminant Prism          Conj/Hex       ##........   56%         4    #####..


Dungeon Overview and Level Annotations

Branches:
Dungeon (2/15)

Altars:
Okawaru


Innate Abilities, Weirdness & Mutations

Your plain brown scales are hard. (AC +5)
You cannot fit into any form of body armour.
You are cold-blooded and may be slowed by cold attacks.


Message History

The gnoll shouts!
A leopard gecko comes into view.
The gnoll shouts!
A gnoll comes into view. It is wielding a +0 halberd.
Found a scroll labeled XEIMUN ILAE.
The leopard gecko hisses angrily.
You closely miss the gnoll.
The gnoll hits you with a cursed -1 flail.
You hit the gnoll but do no damage.
The gnoll is poisoned.
You tail-slap the gnoll.
The gnoll hits you with a cursed -1 flail.
You hit the gnoll.
The gnoll looks as sick as possible!
You hit the gnoll. The gnoll barely misses you.
You hit the gnoll.
You kill the gnoll!
Your Spellcasting skill increases to level 3!
You barely miss the leopard gecko. The leopard gecko bites you.
You hit the leopard gecko.
You kill the leopard gecko!
You hit the gnoll but do no damage.
The gnoll is poisoned.
You tail-slap the gnoll. The gnoll hits you but does no damage.
You closely miss the gnoll. The gnoll completely misses you.
You hit the gnoll.
The gnoll looks as sick as possible!
The gnoll hits you with a +0 club.
You closely miss the gnoll. You hit the gnoll.
The gnoll looks as sick as possible!
You tail-slap the gnoll.
You kill the gnoll!
No target in view!
Things that are here:
a +0 club; a cursed -1 flail; a gnoll corpse You butcher the gnoll corpse.
Items here: % )) ÷ a +0 club; a cursed -1 flail; 4 chunks of flesh; a gnoll skeleton There isn't anything to butcher here.
There isn't anything to butcher here.
There isn't anything to butcher here.
There isn't anything to butcher here.
The gnoll shouts!
Items here: % )) ÷ a +0 club; a cursed -1 flail; 4 chunks of flesh; a gnoll skeleton You see here a jackal skeleton.
You start resting.
The gnoll is too close now for your liking.
The gnoll hits you with a +0 halberd.
* * * LOW HITPOINT WARNING * * *
You hit the gnoll. The gnoll hits you with a +0 halberd!
* * * LOW HITPOINT WARNING * * *
The gnoll hits you from afar with a +0 halberd!
You die...

########.#..#...........####.#
..........^...................
########.#.##...........####.#
#.#....#...........##.#
#.######.##.#....#.##.#
#...).................#
########.......<.#.....
#########.##.#.######
#.g.@.....#........##
#.############.###.##
###.##..... ..# # +..........
### # ###.##.#... #
#############.## # #
#........g).÷..# #
.#.....####÷..# . #.....#
#...#


You could see a gnoll.

Vanquished Creatures
  Terence (D:2)
  2 gnolls (D:2)
  An adder (D:2)
  A dart slug (D:1)
  2 worms (D:1)
  3 leopard geckos (D:2)
  3 orcs (D:2)
  3 bats
  8 giant cockroaches
  6 goblins
  5 hobgoblins
  5 jackals
  2 kobolds (D:1)
  A frilled lizard (D:2)
  3 rats (D:1)
46 creatures vanquished.

Notes
Turn   | Place    | Note
-------+----------+-------------------------------------------
     0 | D:1      | MalarOregon the Draconian Conjurer began the quest for the
                  | Orb.
     0 | D:1      | Reached XP level 1. HP: 14/14 MP: 3/3
     1 | D:1      | Found a runed translucent door.
    69 | D:1      | Found an iron altar of Okawaru.
   282 | D:1      | Reached XP level 2. HP: 20/22 MP: 5/5
   296 | D:1      | Reached skill level 1 in Fighting
   893 | D:2      | Reached XP level 3. HP: 14/28 MP: 2/6
  1079 | D:2      | Noticed Terence
  1106 | D:2      | Killed Terence
  1417 | D:1      | Reached XP level 4. HP: 32/36 MP: 8/8
  1875 | D:2      | HP: 1/37 [gnoll/+0 halberd (16)]
  1880 | D:2      | Mangled by a gnoll

Levels and vault maps discovered:
D:1:      dpeg_arrival_caged_fury, layout_basic, okawaru_ov_weapons_minmay
D:2:      layout_basic, marbit_many_paths, guppyfry_early_orc_mine, uniq_terence

Skill      XL: |  1  2  3  4 |
---------------+-------------+-----
Fighting       | 1 2 |  2.7
Spellcasting   | 3 |  3.0
Dodging        | |  1.7
Stealth        | |  1.7
Conjurations   | |  4.8

Action                   |  1- 3 |  4- 6 || total
-------------------------+-------+-------++-------
Melee: Falchion          |    36 |       ||    36
       Unarmed           |     4 |       ||     4
       Dagger            |    24 |    74 ||    98
       Tailslap          |     4 |     6 ||    10
 Cast: Magic Dart        |    15 |       ||    15
  Use: Potion            |     1 |       ||     1
 Stab: Sleeping          |     2 |       ||     2
  Eat: Chunk             |     2 |     1 ||     3
Armor: Skin              |    28 |    12 ||    40
Dodge: Dodged            |    42 |    30 ||    72
       Rpst.: Falchion   |     9 |       ||     9

Table legend:
 A = Non-vault XP
 B = Vault XP
 C = Vault XP percentage of total XP
 D = Non-vault monster count
 E = Vault monster count
 F = Vault count percentage of total count
                 A         B        C        D         E       F
            +---------+---------+-------+---------+---------+-------
      Total |      84 |      84 |  50.0 |      24 |      22 |  47.8
            +---------+---------+-------+---------+---------+-------
        D:1 |      22 |      31 |  58.5 |      11 |      14 |  56.0
        D:2 |      62 |      53 |  46.1 |      13 |       8 |  38.1
            +---------+---------+-------+---------+---------+-------
